 Dungeon Crawl Stone Soup version 0.19-a0-36-g4a0968a (webtiles) character file.

33 Steelers13 the Skirmisher (level 3, -5/33 HPs)
             Began as a Minotaur Berserker on May 3, 2016.
             Was a Follower of Trog.
             Slain by Steelers13's ghost (9 damage)
             ... on level 3 of the Dungeon.
             The game lasted 00:12:32 (1189 turns).

Steelers13 the Skirmisher (Minotaur Berserker)      Turns: 1189, Time: 00:12:33

Health: -5/33      AC:  9    Str: 22    XL:     3   Next: 12%
Magic:  2/2        EV:  8    Int:  4    God:    Trog [*.....]
Gold:   35         SH:  0    Dex:  9    Spells: 0 memorised, 2 levels left

rFire  . . .     SeeInvis .     a - +0 hand axe
rCold  . . .     Gourm    .     f - +0 chain mail
rNeg   . . .     Faith    .     (no shield)
rPois  .         Spirit   .     (helmet restricted)
rElec  .         Dismiss  .     (no cloak)
rCorr  .         Reflect  .     (no gloves)
SustAt .         Harm     .     (no boots)
MR     .....                    (no amulet)
Stlth  ..........               (no ring)
                                (no ring)

@: not resistant to hostile enchantments, extremely unstealthy
A: retaliatory headbutt, horns 2
a: Berserk, Burn Spellbooks, Renounce Religion


You were on level 3 of the Dungeon.
You worshipped Trog.
Trog was aware of your devotion.
You were not hungry.

You visited 1 branch of the dungeon, and saw 3 of its levels.

You collected 35 gold pieces.

Inventory:

Hand Weapons
 a - a +0 hand axe (weapon)
Missiles
 e - 12 poisoned needles
Armour
 b - a +0 animal skin
 f - a +0 chain mail (worn)
Jewellery
 j - an uncursed ring of fire {unknown}
 n - an uncursed ring of resist corrosion {unknown}
Scrolls
 d - a scroll of random uselessness {unknown}
 i - 3 scrolls of remove curse {unknown}
 k - a scroll of blinking {unknown}
 l - a scroll of enchant weapon {unknown}
 m - a scroll of fog {unknown}
 o - a scroll of teleportation {unknown}
Comestibles
 c - a bread ration
 g - a slice of pizza


   Skills:
 + Level 4.3 Fighting
 + Level 3.9 Axes
 + Level 2.8 Armour
 + Level 2.7 Dodging


You had 2 spell levels left.
You didn't know any spells.

Dungeon Overview and Level Annotations

Branches:
Dungeon (3/15)

Altars:
Cheibriados
Qazlal
Ru
Sif Muna

Annotations:
D:3 Steelers13's ghost, weakling MiBe


Innate Abilities, Weirdness & Mutations

You reflexively headbutt those who attack you in melee.
You have a pair of horns on your head.


Message History

You hit Steelers13's ghost. You headbutt Steelers13's ghost!
Steelers13's ghost is heavily damaged.
Steelers13's ghost hits you!
* * * LOW HITPOINT WARNING * * *
You slash Steelers13's ghost! You headbutt Steelers13's ghost.
Steelers13's ghost is severely damaged.
Steelers13's ghost barely misses you.
You closely miss Steelers13's ghost.
Steelers13's ghost is severely damaged.
Steelers13's ghost says, "Try not to bleed too much."
Steelers13's ghost closely misses you.
You miss Steelers13's ghost.
Your headbutt misses Steelers13's ghost.
Steelers13's ghost is severely damaged.
Steelers13's ghost hits you but does no damage.
You hit Steelers13's ghost.
Your headbutt misses Steelers13's ghost.
Steelers13's ghost is almost destroyed.
Steelers13's ghost barely misses you. Steelers13's ghost hits you!
You die...

# #.#.### .##.#.#.#
##+## ......# ##...## #
#.#.### ## ##.....###.
#.....##.#
##....<..##.###†#.#.#.#
#.........#...<......#
+.........'.......#.##
#.........####W@.##.#
##.......## ##.###.#
##.....## ##.##.#
##...## #.....# ##'##
##.#### #.# ########.#
#.# #.....##.#
##.###.###.##.#
##...##.# #.##.#


You could see Steelers13's ghost.

Vanquished Creatures
  An adder (D:2)
  An ooze (D:2)
  2 giant geckos
  A bat (D:2)
  2 hobgoblins (D:3)
  3 jackals (D:3)
  3 kobolds (D:2)
  3 giant newts
  2 rats (D:3)
18 creatures vanquished.

Notes
Turn   | Place    | Note
--------------------------------------------------------------
     0 | D:1      | Steelers13 the Minotaur Berserker began the quest for the Orb.
     0 | D:1      | Reached XP level 1. HP: 19/19 MP: 0/0
   386 | D:2      | Reached skill level 4 in Fighting
   386 | D:2      | Reached XP level 2. HP: 19/27 MP: 1/1
   673 | D:3      | Found a snail-covered altar of Cheibriados.
   843 | D:3      | Found a sacrificial altar of Ru.
   843 | D:3      | Found a deep blue altar of Sif Muna.
   843 | D:3      | Found a stormy altar of Qazlal.
  1110 | D:3      | Reached XP level 3. HP: 33/33 MP: 2/2
  1180 | D:3      | Noticed Steelers13's ghost (weakling MiBe)
  1189 | D:3      | Slain by Steelers13's ghost

Vault maps used:
D:1:      lordsloth_arrival_two_stooges
D:2:      kennysheep_nondescript, grunt_ministairs_4, grunt_decor_cap,
          makhleb_heckhound_becter
D:3:      cheibriados_altar_1, gammafunk_temple_overflow_forgotten

Skill      XL: |  1 |
---------------+----+-----
Fighting       | 4 |  4.3
Axes           | |  3.9
Armour         | |  2.8
Dodging        | |  2.7

Action                   || total
-------------------------++-------
Melee: Hand axe          ||    51
       Headbutt          ||     9
  Eat: Chunk             ||     1
Armor: Chain mail        ||    30
Dodge: Dodged            ||    32
